 Dungeon Crawl Stone Soup version 0.20.1-1-g8b1a95d66d (webtiles) character file.

37 Jerry the Chopper (level 3, 0/29 HPs)
             Began as a Demonspawn Chaos Knight on Nov 21, 2017.
             Slain by an adder (2 damage)
             ... on level 2 of the Dungeon.
             The game lasted 00:02:54 (999 turns).

Jerry the Chopper (Demonspawn Chaos Knight)          Turns: 999, Time: 00:02:55

Health: 0/29       AC:  6    Str: 13    XL:     3   Next: 23%
Magic:  3/3        EV: 11    Int: 13    God:    Xom [.*....]
Gold:   64         SH:  0    Dex: 12    Spells: 2/2 levels left

rFire    . . .     SeeInvis .   a - +0 hand axe (chaos)
rCold    . . .     Gourm    .   (no shield)
rNeg     . . .     Faith    .   b - +2 leather armour
rPois    .         Spirit   .   (no helmet)
rElec    .         Reflect  .   d - +0 cloak
rCorr    .         Harm     .   (no gloves)
MR       .....                  (no boots)
Stlth    ++........             (no amulet)
Regen    0.1/turn               (no ring)
MPRegen  0.1/turn               (no ring)

@: lethally poisoned (0 -> -3), hasted, very quick
A: hooves 1, nightstalker 1
a: Renounce Religion


You were on level 2 of the Dungeon.
You worshipped Xom.
You were a plaything of Xom.
You were not hungry.

You visited 1 branch of the dungeon, and saw 2 of its levels.

You collected 64 gold pieces.

Inventory:

Hand Weapons
 a - a +0 hand axe of chaos (weapon)
Armour
 b - a +2 leather armour (worn)
 d - a +0 cloak (worn)
 l - a +0 buckler
Scrolls
 f - a scroll of enchant weapon {unknown}
 g - a scroll of remove curse {unknown}
 h - a scroll of teleportation {unknown}
 i - a scroll of amnesia {unknown}
 j - a scroll of enchant armour {unknown}
 k - a scroll of identify {unknown}
Potions
 n - a potion of brilliance {unknown}
Comestibles
 c - 3 bread rations
 m - 5 chunks of flesh


   Skills:
 + Level 3.3 Fighting
 * Level 3.4 Axes
 + Level 2.2 Armour
 - Level 0.8 Dodging
 + Level 0.0 Shields


You had 2 spell levels left.
You didn't know any spells.

Dungeon Overview and Level Annotations

Branches:
Dungeon (2/15)

Altars:
Xom

Annotations:
D:2 Sigmund


Innate Abilities, Weirdness & Mutations

You have large cloven feet.
You are slightly more attuned to the shadows.


Message History

The adder bites you. The adder closely misses you.
You barely miss the adder. Your kick misses the adder. The adder bites you.
You are poisoned.
The adder poisons you! Something hits you. The adder closely misses you.
You closely miss the adder. Your kick misses the adder.
You feel sick. The adder bites you.
You closely miss the adder. Your kick misses the adder.
The adder bites you but does no damage. Something hits you!
* * * LOW HITPOINT WARNING * * *
The adder barely misses you.
You hit the adder. You burn the adder. Your kick misses the adder.
The adder is heavily wounded.
You feel sick. Something hits you.
* * * LOW HITPOINT WARNING * * *
The adder misses you.
It was a potion of haste.
You feel yourself speed up.
Xom thinks this is hilarious!
The adder bites you.
You die... "It was about time."

#.#..#..#....
#.#.....#.....
##...#.....#...
................
.##.....#.##.#.#
#..#..#.##....
#..#..........
...####..#S##...#...
..........@##..## .
#.##..##.####.##
.....#..####...
###.#.#..#.....#
#.#.#........# ##
#....)..#### ..
##..........
#.##.....#####
#........#


You could see an adder.

Vanquished Creatures
  An ooze (D:1)
  A worm (D:2)
  2 dart slugs (D:1)
  2 giant cockroaches
  3 goblins (D:1)
  4 hobgoblins
  3 bats (D:1)
  A frilled lizard (D:1)
  7 kobolds (D:1)
  A rat (D:1)
25 creatures vanquished.

Notes
Turn   | Place    | Note
-------+----------+-------------------------------------------
     0 | D:1      | Jerry the Demonspawn Chaos Knight began the quest for the Orb.
     0 | D:1      | Reached XP level 1. HP: 18/18 MP: 1/1
    99 | D:1      | Gained mutation: You are slightly more attuned to the shadows. [demonic ancestry]
    99 | D:1      | Reached XP level 2. HP: 24/24 MP: 2/2
   335 | D:1      | XOM: silly message
   732 | D:1      | Gained mutation: You have large cloven feet. [demonic ancestry]
   732 | D:1      | Reached XP level 3. HP: 26/29 MP: 3/3
   939 | D:2      | XOM: scenery: create altars
   974 | D:2      | Noticed Sigmund
   998 | D:2      | HP: 1/29 [something (4)]
   999 | D:2      | Slain by an adder

Skill      XL: |  1  2 |
---------------+-------+-----
Armour         | 2 |  2.2
Axes           | 3 |  3.4
Fighting       | |  3.3
Dodging        | |  0.8

Action                   || total
-------------------------++-------
Melee: Hand axe          ||    74
       Kick              ||     4
  Use: Potion            ||     1
 Stab: Sleeping          ||     4
       Petrifying        ||     1
Armor: Leather armour    ||    38
Dodge: Dodged            ||    42
